 Dungeon Crawl Stone Soup version 0.20-a0-842-g939b552 (webtiles) character file.

21 M4edhros the Gusty (level 3, -3/24 HPs)
             Began as a Formicid Air Elementalist on Mar 8, 2017.
             Slain by a worker ant (6 damage)
             ... on level 4 of the Dungeon on Mar 9, 2017.
             The game lasted 00:01:57 (660 turns).

M4edhros the Gusty (Formicid Air Elementalist)       Turns: 660, Time: 00:01:58

Health: -3/24      AC:  3    Str: 12    XL:     3   Next: 5%
Magic:  0/6        EV: 12    Int: 14    God:
Gold:   38         SH:  0    Dex: 12    Spells: 6/7 levels left

rFire    + . .     SeeInvis +   (no weapon)
rCold    + + +     Gourm    .   e - +0 leather armour {rC+}
rNeg     . . .     Faith    .   (no shield)
rPois    +         Spirit   .   (helmet unavailable)
rElec    +         Reflect  .   (no cloak)
rCorr    +         Harm     .   (no gloves)
MR       .....                  (no boots)
Stlth    ++........             (no amulet)
Regen    0.1/turn               (no ring)
MPRegen  0.1/turn               d - ring of protection from cold

@: resistant
A: permanent stasis, dig shafts and tunnels, four strong arms, antennae 3
a: Dig, Shaft Self


You were on level 4 of the Dungeon.
You were not hungry.

You visited 1 branch of the dungeon, and saw 4 of its levels.

You collected 38 gold pieces.

Inventory:

Armour
 a - a +0 robe
 e - a +0 leather armour of cold resistance (worn)
Jewellery
 d - a ring of protection from cold (left hand)
Books
 b - a book of Air

   Spells                             Type                      Level
   a - Shock                          Conjuration/Air              1
   b - Swiftness                      Charms/Air                   2
   c - Static Discharge               Conjuration/Air              3
   d - Airstrike                      Air                          4
   e - Lightning Bolt                 Conjuration/Air              5
Comestibles
 c - a bread ration


   Skills:
 + Level 2.0 Dodging
 - Level 2.4 Stealth
 * Level 2.5 Spellcasting
 * Level 1.5 Conjurations
 * Level 2.7 Air Magic


You had 6 spell levels left.
You knew the following spells:

 Your Spells              Type           Power        Failure   Level  Hunger
a - Shock                 Conj/Air       #...         14%         1    #......


Dungeon Overview and Level Annotations

Branches:
Dungeon (4/15)
 Temple: D:4-7

Altars:


Innate Abilities, Weirdness & Mutations

You cannot be hasted, slowed, berserked, paralysed or teleported.
You can dig through walls and to a lower floor.
Your four strong arms can wield two-handed weapons with a shield.
You have a pair of large antennae on your head. (SInv)


Message History

The worker ant is severely wounded.
The worker ant barely misses you.
You barely miss the worker ant.
The worker ant is severely wounded.
The worker ant bites you.
* * * LOW HITPOINT WARNING * * *
The worker ant closely misses you.
Casting: Shock
Confirm with . or Enter, or press ? or * to list all spells.
Aiming: Shock
Press: ? - help, Shift-Dir - straight line The zap misses the worker ant.
The zap hits the worker ant.
The worker ant appears unharmed.
The worker ant is severely wounded.
The worker ant bites you but does no damage.
Unknown command.
You hit the worker ant but do no damage.
The worker ant is severely wounded.
The worker ant bites you.
You die...

##+#######
.....#...## ##.
..........# #..
..........# #..
..........# #..
##.a..##...#######.
#a###+##...##.#<.#.
#.@................
##.................
#............<.....
##...###..##..####.
##### ##+##..# ##.
......#..
.......#..
........#.. ......
#..


You could see a worker ant.

Vanquished Creatures
  An adder (D:4)
  A dart slug (D:1)
  A hobgoblin (D:1)
  3 jackals (D:1)
  2 bats (D:1)
  2 frilled lizards (D:1)
  A leopard gecko skeleton (D:4)
11 creatures vanquished.

Notes
Turn   | Place    | Note
-------+----------+-------------------------------------------
     0 | D:1      | M4edhros the Formicid Air Elementalist began the quest for the Orb.
     0 | D:1      | Reached XP level 1. HP: 13/13 MP: 3/3
    20 | D:1      | Reached skill level 1 in Conjurations
   115 | D:1      | Reached XP level 2. HP: 5/19 MP: 0/5
   422 | D:2      | You fall through a shaft!
   526 | D:4      | Reached XP level 3. HP: 22/24 MP: 0/6
   660 | D:4      | Slain by a worker ant

Vault maps used:
D:1:      shiori_arrival_maze, minmay_misc_feat_roman
D:3:      kennysheep_six_static_rooms, first_bread, uniq_natasha, uniq_jessica
D:4:      black_bear_nest_2, minmay_temple_entry_trees, uniq_edmund

Skill      XL: |  1  2 |
---------------+-------+-----
Conjurations   | 1 |  1.5
Dodging        | 2 |  2.0
Stealth        | |  2.4
Spellcasting   | |  2.5
Air Magic      | |  2.7

Action                   || total
-------------------------++-------
Melee: Unarmed           ||    37
 Cast: Shock             ||    30
 Abil: Shaft Self        ||     1
  Use: Potion            ||     1
Armor: Robe              ||     9
       Leather armour    ||     4
Dodge: Dodged            ||    42
